 Dungeon Crawl Stone Soup version 0.28-a0-580-ga2639ab843 (webtiles) character file.

Game seed: 3703246252878446746

529 gruber the Conjurer (level 7, -10/41 HPs)
             Began as an Octopode Conjurer on Oct 2, 2021.
             Mangled by Duvessa (17 damage)
             ... on level 4 of the Dungeon.
             The game lasted 00:04:42 (3942 turns).

gruber the Conjurer (Octopode Conjurer)             Turns: 3942, Time: 00:04:42

Health: -10/41     AC:  1    Str:  6    XL:     7   Next: 24%
Magic:  2/10       EV: 13    Int: 22    God:
Gold:   206        SH:  4    Dex: 11    Spells: 7/10 levels left

rFire   . . .      SeeInvis .   e - +0 dagger (speed)
rCold   . . .      Faith    .   g - +0 buckler
rNeg    . . .      Spirit   .   (helmet restricted)
rPois   .          Reflect  .   (no amulet)
rElec   .          Harm     .   j - +4 ring of slaying
rCorr   .          Rampage  .   (no ring)
Will    .....                   (no ring)
Stlth   +++.......              (no ring)
HPRegen 0.13/turn               (no ring)
MPRegen 0.12/turn               (no ring)
                                (no ring)
                                (no ring)

@: no status effects
A: almost no armour, amphibious, 8 rings, camouflage 1, gelatinous body 1,
(nimble swimmer 1), tentacles
a: no special abilities


You were on level 4 of the Dungeon.
You visited 1 branch of the dungeon, and saw 4 of its levels.

You collected 206 gold pieces.

Inventory:

Hand Weapons
 e - a +0 dagger of speed (weapon)
Armour
 g - a +0 buckler (worn)
Jewellery
 j - a +4 ring of slaying (left tentacle)
Scrolls
 a - a scroll of summoning {unknown}
 c - 3 scrolls of identify {unknown}
 d - a scroll of torment {unknown}
 i - a scroll of acquirement {unknown}
 l - a scroll of teleportation {unknown}
 o - a scroll of blinking {unknown}
Potions
 b - 3 potions of mutation {unknown}
 f - 3 potions of degeneration {unknown}
 h - a potion of curing {unknown}
 k - a potion of flight {unknown}
 m - a potion of resistance {unknown}
 n - a potion of attraction {unknown}


   Skills:
 - Level 0.1 Bows
 - Level 0.6 Throwing
 - Level 2.0 Dodging
 - Level 2.6 Stealth
 - Level 4.0 Shields
 - Level 2.0 Spellcasting
 * Level 7.0 Conjurations
 - Level 1.2 Summonings
 - Level 0.1 Earth Magic


You had 7 spell levels left.
You knew the following spells:

 Your Spells              Type           Power      Damage    Failure   Level
a - Magic Dart            Conj           100%       1d8       1%          1
b - Searing Ray           Conj           66%        2d6       1%          2

Your spell library contained the following spells:

 Spells                   Type           Power      Damage    Failure   Level
 Dazzling Flash           Conj/Hex       34%        N/A       10%         3
 Corpse Rot               Necr/Air       N/A        N/A       21%         2
 Poisonous Vapours        Pois/Air       4%         N/A       21%         2
 Fulminant Prism          Conj/Hex       8%         3d7       32%         4
 Iskenderun's Mystic Bla  Conj/Tloc      17%        2d5       32%         4
 Ozocubu's Armour         Ice            2%         N/A       38%         3
 Metabolic Englaciation   Hex/Ice        1%         N/A       98%         5
 Simulacrum               Ice/Necr       1%         N/A       100%        6


Dungeon Overview and Level Annotations

Branches:
Dungeon (4/15)
 Temple: D:4-7

Altars:
Ashenzari

Shops:
D:3 :

Annotations:
D:4 Duvessa


Innate Abilities, Weirdness & Mutations

You cannot wear most types of armour.
You are amphibious.
You can wear up to eight rings at the same time.
Your skin changes colour to match your surroundings (Stealth+).
Your rubbery body absorbs attacks. (AC +1, EV +1)
((You are camouflaged near water. (Stealth+)))
You have tentacles for arms and can constrict up to eight enemies at once.


Message History

The searing ray hits Duvessa but does no damage.
Duvessa is lightly wounded.
The searing ray misses Dowan.
Duvessa hits you with a +0 short sword.
The searing ray hits Duvessa!
Duvessa is moderately wounded.
The searing ray hits Dowan.
Dowan is severely wounded.
Duvessa barely misses you.
The searing ray hits Duvessa.
Duvessa is heavily wounded.
The searing ray hits Dowan!
You kill Dowan!
Duvessa screams, "No!
How DARE you!"
Duvessa goes berserk!
The searing ray hits the jelly!
The jelly is heavily wounded.
You finish channelling your searing ray.
Duvessa hits you with a +0 short sword! Duvessa barely misses you.
Your Conjurations skill increases to level 7!
Unknown command.
Unknown command.
Casting: Searing Ray (safe; 1% risk of failure)
Confirm with . or Enter, or press ? or * to list all spells.
Aiming: Searing Ray (safe; 1% risk of failure)
Press: ? - help, Shift-Dir - straight line, f/p - Duvessa
Aim: Duvessa, wielding a +0 short sword and wearing a +0 chain mail (heavily wounded, berserk, 88% to hit)
The searing ray hits Duvessa!
Duvessa is severely wounded.
The searing ray hits the jelly.
The jelly is almost dead. (Press . to maintain the ray.) Duvessa hits you with a +0 short sword!
Unknown command.
The searing ray hits Duvessa!
Duvessa is severely wounded.
The searing ray hits the jelly!
You kill the jelly!
Duvessa hits you with a +0 short sword.
* * * LOW HITPOINT WARNING * * *
Duvessa hits you with a +0 short sword!
You die...

### ### ### #.# #.# #.# #.#
#.###########.# ..#
#......@e)....# #.#
#.###########.######## #.# #.#
#....e........J. #.# #.#
#.#####e#######. #.########.#
#.# #.#..e.ee.# #..........#
#.# #...#####.# ############
#.# #.#.# #.#
################.###.#.#####.#
....................>#.....#e#


You could see Duvessa (berserk).

Vanquished Creatures
  A sky beast (D:4)
  An ogre (D:4)
  Dowan (D:4)
  A hound (D:4)
  An orc priest (D:3)
  A jelly (D:4)
  An orc wizard (D:3)
  A hound skeleton (D:4)
  6 gnolls
  7 adders
  An adder skeleton (D:4)
  3 worms
  A dart slug (D:1)
  4 orcs
  6 endoplasms
  3 giant cockroaches
  7 goblins (D:2)
  7 hobgoblins
  4 jackals (D:1)
  5 quokkas
  4 ball pythons
  4 bats
  A frilled lizard (D:1)
  4 kobolds
  5 rats
80 creatures vanquished.

Notes
Turn   | Place    | Note
-------+----------+-------------------------------------------
     0 | D:1      | gruber the Octopode Conjurer began the quest for the Orb.
     0 | D:1      | Reached XP level 1. HP: 11/11 MP: 3/3
   155 | D:1      | Reached XP level 2. HP: 17/17 MP: 3/5
   301 | D:1      | Found a faded altar of an unknown god.
   785 | D:1      | Reached XP level 3. HP: 21/21 MP: 4/6
   902 | D:1      | Learned a level 2 spell: Searing Ray
   988 | D:2      | Reached skill level 5 in Conjurations
  1450 | D:2      | Reached skill level 1 in Shields
  1450 | D:2      | Reached XP level 4. HP: 27/27 MP: 0/7
  1834 | D:2      | Reached skill level 1 in Summonings
  1888 | D:2      | Reached XP level 5. HP: 31/31 MP: 1/8
  2292 | D:3      | Found Utwohyin's Book Boutique.
  2563 | D:3      | Found a broken altar of Ashenzari.
  3041 | D:4      | Reached XP level 6. HP: 31/36 MP: 5/9
  3169 | D:4      | Reached skill level 6 in Conjurations
  3386 | D:4      | Noticed a steam dragon
  3406 | D:4      | Noticed a sky beast
  3448 | D:4      | Killed a sky beast
  3449 | D:4      | Reached XP level 7. HP: 8/41 MP: 1/10
  3903 | D:4      | Noticed Duvessa
  3903 | D:4      | Noticed Dowan
  3940 | D:4      | Killed Dowan
  3941 | D:4      | Reached skill level 7 in Conjurations
  3942 | D:4      | Mangled by Duvessa

Illustrated notes

Levels and vault maps discovered:
D:1:      dpeg_arrival_tiny_b, layout_basic, chequers_ecumenical_altar_island
D:2:      layout_basic, minmay_goblin_outpost
D:3:      layout_rooms, mainiacjoe_overflow_cross_hatched, serial_shops,
          shop_coins
D:4:      layout_basic, amethyst_overflow_temple_binary,
          minmay_temple_entry_grid, minmay_misc_feat_five, uniq_duvessa

Skill      XL: |  1  2  3  4  5  6  7 |
---------------+----------------------+-----
Conjurations   | 5 6 7 |  7.0
Shields        | 1 2 4 |  4.0
Summonings     | 1 |  1.2
Bows           | |  0.1
Throwing       | |  0.6
Dodging        | |  2.0
Stealth        | |  2.6
Spellcasting   | |  2.0
Earth Magic    | |  0.1

Action                   |  1- 3 |  4- 6 |  7- 9 || total
-------------------------+-------+-------+-------++-------
Melee: Unarmed           |    11 |       |       ||    11
       Constrict         |     7 |     4 |       ||    11
       Tentacles         |     2 |     6 |       ||     8
       Dagger            |    17 |    26 |     1 ||    44
 Cast: Magic Dart        |    45 |    62 |       ||   107
       Searing Ray       |     4 |    10 |     3 ||    17
Armor: Skin              |     8 |       |       ||     8
Dodge: Dodged            |    21 |    13 |     3 ||    37
Block: Buckler           |     1 |     5 |     1 ||     7

Table legend: (Time is in decaauts)
 A = Elapsed time spent in this place.
 B = Non-inter-level travel time spent in this place.
 C = Inter-level travel time spent in this place.
 D = Time resting spent in this place.
 E = Time spent auto-exploring this place.
 F = Levels seen in this place.
 G = Mean time per level.
                   A        B        C        D        E       F      G
               +--------+--------+--------+--------+--------+-----+--------+
         Total |   3930 |   3820 |    110 |      0 |   3282 |   4 |  982.5 |
       Dungeon |   3930 |   3820 |    110 |      0 |   3282 |   4 |  982.5 |
               +--------+--------+--------+--------+--------+-----+--------+

Top non-repeatable levels by time:
     D:2: 1321 daAuts
     D:4: 1013 daAuts
     D:1: 904 daAuts
     D:3: 691 daAuts
